 Dungeon Crawl Stone Soup version 0.23-a0-169-gb21e69520c (webtiles) character file.

23 PikkenKukken the Skirmisher (level 2, -1/24 HPs)
             Began as a Demonspawn Monk on Sept 12, 2018.
             Slain by a goblin (3 damage)
             ... led by Robin
             ... on level 2 of the Dungeon.
             The game lasted 00:01:19 (1166 turns).

PikkenKukken the Skirmisher (Demonspawn Monk)       Turns: 1166, Time: 00:01:19

Health: -1/24      AC:  8    Str: 11    XL:     2   Next: 72%
Magic:  2/2        EV:  5    Int: 11    God:
Gold:   97         SH:  0    Dex: 17    Spells: 1/1 levels left

rFire    . . .     SeeInvis .     - Unarmed
rCold    . . .     Gourm    .   (no shield)
rNeg     . . .     Faith    .   g - +0 chain mail
rPois    .         Spirit   .   (no helmet)
rElec    .         Reflect  .   (no cloak)
rCorr    .         Harm     .   (no gloves)
MR       .....                  (no boots)
Stlth    ..........             (no amulet)
HPRegen  0.08/turn              (no ring)
MPRegen  0.08/turn              (no ring)

@: no status effects
A: thin skeletal structure 1
a: no special abilities


You were on level 2 of the Dungeon.
You were hungry.

You visited 1 branch of the dungeon, and saw 2 of its levels.

You collected 97 gold pieces.

Inventory:

Armour
 a - a +0 robe
 g - a +0 chain mail (worn)
Scrolls
 f - 2 scrolls of enchant weapon
Potions
 d - a potion of heal wounds {unknown}
 e - a potion of might {unknown}
Comestibles
 b - 3 rations


   Skills:
 + Level 3.2 Fighting
 + Level 0.8 Armour
 - Level 2.6 Dodging
 - Level 1.7 Stealth
 * Level 3.2 Unarmed Combat


You had one spell level left.
You didn't know any spells.
Your spell library was empty.

Dungeon Overview and Level Annotations

Branches:
Dungeon (2/15)

Altars:

Annotations:
D:2 Robin


Innate Abilities, Weirdness & Mutations

You have a somewhat thin skeletal structure. (Dex +2, Stealth)


Message History

The goblin is severely wounded.
The goblin hits you but does no damage. The goblin hits you.
* * * LOW HITPOINT WARNING * * *
The hobgoblin hits you but does no damage.
The hobgoblin barely misses you. The goblin hits you but does no damage.
Unknown command.
You punch the goblin!
You kill the goblin!
The goblin closely misses you.
The hobgoblin hits you but does no damage.
Unknown command.
You hit the goblin.
You kill the goblin!
The goblin hits you but does no damage. x2; The hobgoblin barely misses you.
You hit the hobgoblin.
The hobgoblin is almost dead.
The hobgoblin no longer looks unusually strong.
The goblin no longer looks unusually strong.
The goblin hits you.
You die...

#. #. . #.# .. #.#
## ...######.###..
......r...... .
......gg##.###..?.
.....gg@gZ<.......
.....gg#######....
.....g. . §.....§
...≈§§§ §....§≈
≈≈≈≈§≈≈ §§≈≈≈§≈


You could see Robin, 3 hobgoblins, 4 goblins, a rat and a bullfrog skeleton.

Vanquished Creatures
  A leopard gecko (D:1)
  A giant cockroach (D:1)
  6 goblins
  4 hobgoblins (D:1)
  2 jackals (D:1)
  3 kobolds (D:1)
  A rat (D:1)
18 creatures vanquished.

Notes
Turn   | Place    | Note
-------+----------+-------------------------------------------
     0 | D:1      | PikkenKukken the Demonspawn Monk began the quest for the
                  | Orb.
     0 | D:1      | Reached XP level 1. HP: 18/18 MP: 1/1
   232 | D:1      | Gained mutation: You have a somewhat thin skeletal
                  | structure. (Dex +2, Stealth) [demonic ancestry]
   232 | D:1      | Reached XP level 2. HP: 17/24 MP: 2/2
  1151 | D:2      | Noticed Robin
  1166 | D:2      | Slain by a goblin

Vault maps used:
D:1:      minmay_arrival_semitransparent
D:2:      gammafunk_temple_overflow_elements, nicolae_qazlal_general_emergency,
          uniq_robin, uniq_natasha

Skill      XL: |  1 |
---------------+----+-----
Unarmed Combat | 3 |  3.2
Fighting       | |  3.2
Armour         | |  0.8
Dodging        | |  2.6
Stealth        | |  1.7

Action                   || total
-------------------------++-------
Melee: Unarmed           ||    81
  Use: Scroll            ||     2
 Stab: Sleeping          ||     3
Armor: Robe              ||     8
       Chain mail        ||    22
Dodge: Dodged            ||    52

Table legend:
 A = Non-vault XP
 B = Vault XP
 C = Vault XP percentage of total XP
 D = Non-vault monster count
 E = Vault monster count
 F = Vault count percentage of total count
                 A         B        C        D         E       F
            +---------+---------+-------+---------+---------+-------
      Total |      25 |       8 |  24.2 |      14 |       4 |  22.2
            +---------+---------+-------+---------+---------+-------
        D:1 |      25 |       0 |   0.0 |      14 |       0 |   0.0
        D:2 |       0 |       8 | 100.0 |       0 |       4 | 100.0
            +---------+---------+-------+---------+---------+-------
